Map: Abyssal Reef LE

Players

Metasapien - Winner!

  • Race: Zerg Zerg
  • League: Platinum
  • Spawn Location: 11:00

A.I. 1 (Harder)

  • Race: Terran Terran
  • Spawn Location: 5:00

VOD

Have the link to the VOD?

Description

Time

  • Played on: Sept. 19, 2017, 1:19 a.m.
  • Length: 11:03
Show
View Real Time Build Order
Export as new Build Order

Metasapien Zerg - Winner!

Build Orders: Hatch First 

Get SALT Encoding   

  12  0:07  Drone  
  13  0:17  Overlord  
  13  0:18  Drone  
  14  0:36  Drone x2  
  16  0:44  Drone  
  17  0:54  Drone  
  18  1:00  Hatchery  
  17  1:09  Extractor  
  16  1:15  Spawning Pool  
  16  1:17  Drone  
  16  1:23  Drone  
  17  1:28  Drone  
  18  1:36  Overlord  
  18  1:48  Drone  
  19  2:01  Queen  
  19  2:05  Zergling x2  
  22  2:12  Zergling x2  
  22  2:14  Drone  
  24  2:16  Queen  
  26  2:23  Metabolic Boost  
  26  2:26  Overlord  
  26  2:29  Drone  
  28  2:30  Drone  
  28  2:34  Drone  
  29  2:44  Queen  
  31  2:52  Baneling Nest  
  31  2:55  Drone  
  31  2:56  Drone  
  32  2:59  Extractor  
  31  3:07  Drone x3  
  31  3:09  Drone  
  31  3:12  Overlord  
  35  3:28  Drone  
  36  3:36  Drone x3  
  39  3:42  Hatchery  
  39  3:45  Zergling x2  
  39  3:46  Zergling x6  
  41  3:55  Drone  
  41  4:00  Spine Crawler  
  40  4:19  Drone x5  
  40  4:20  Drone x2, Extractor  
  40  4:22  Overlord  
  46  4:29  Lair  
  46  4:40  Drone x3  
  46  4:41  Zergling x8  
  46  4:45  Baneling  
  53  4:47  Baneling  
  53  4:48  Baneling  
  53  4:49  Baneling  
  53  4:53  Pneumatized Carapace  
  53  4:55  Queen  
  53  4:56  Drone  
  56  5:01  Zergling x4  
  56  5:02  Zergling x6  
  56  5:03  Overlord  
  53  5:27  Zergling x10  
  53  5:28  Zergling x10  
  58  5:44  Zergling x12  
  61  5:53  Baneling x4  
  61  5:54  Zergling x2, Baneling x2  
  61  5:55  Zergling x4  
  63  6:09  Drone x2  
  63  6:10  Drone x4  
  69  6:20  Centrifical Hooks  
  69  6:26  Drone, Roach Warren  
  69  6:29  Queen x2  
  69  6:32  Overlord x2  
  73  6:33  Overlord, Extractor  
  72  6:43  Baneling x3  
  72  6:44  Baneling x3  
  72  6:51  Burrow  
  72  7:02  Hydralisk Den  
  72  7:05  Drone x2  
  73  7:10  Extractor  
  73  7:11  Drone x2  
  73  7:12  Extractor, Zergling x8  
  73  7:13  Zergling x10  
  82  7:16  Baneling x3  
  82  7:18  Zergling x2  
  83  7:30  Overlord x4  
  83  7:31  Overlord  
  83  7:34  Drone  
  84  7:40  Hydralisk x3  
  84  7:41  Roach x2  
  94  7:47  Evolution Chamber  
  94  7:48  Drone x2, Evolution Chamber  
  94  7:49  Drone  
  95  7:53  Glial Reconstitution  
  95  7:57  Drone x3  
  98  8:15  Roach, Hydralisk x4  
  98  8:16  Roach x2  
  112  8:25  Drone  
  112  8:26  Drone x2  
  112  8:27  Drone x2  
  117  8:32  Zerg Missile Weapons Level 1  
  112  8:35  Baneling  
  107  8:47  Baneling  
  103  9:01  Baneling x3  
  90  9:26  Zergling x2, Hydralisk  
  90  9:27  Zergling x14  
  90  9:28  Zergling x2  
  101  9:45  Drone x2  
  101  9:46  Hatchery  
  101  9:48  Drone x2  
  101  9:49  Hatchery  
  100  10:05  Baneling x3  
  100  10:06  Baneling x3  
  100  10:07  Hydralisk x2  
  100  10:08  Zergling x2, Roach x3  
  100  10:09  Zergling x10  
  116  10:29  Drone x2  
  116  10:31  Hydralisk x2  
  116  10:32  Overlord, Roach x3  
  128  10:39  Baneling  
Show
View Real Time Build Order
Export as new Build Order

A.I. 1 (Harder) Terran 

Build Orders: MMM Bio 

Get SALT Encoding   

  12  0:00  SCV  
  13  0:13  SCV  
  14  0:18  Supply Depot  
  14  0:25  SCV  
  15  0:40  SCV  
  16  0:43  Barracks  
  16  0:49  Refinery  
  16  0:52  SCV  
  17  1:04  SCV  
  18  1:16  SCV  
  19  1:23  Supply Depot  
  19  1:29  SCV  
  19  1:32  Marine  
  21  1:44  Orbital Command, Barracks  
  21  1:50  Barracks Tech Lab  
  21  1:51  Refinery  
  21  2:08  Marine  
  22  2:10  Supply Depot  
  22  2:26  Marauder  
  24  2:30  Marine  
  25  2:43  Supply Depot  
  25  2:47  Marine  
  25  2:48  Marine  
  27  3:03  SCV  
  30  3:05  Marauder  
  30  3:06  Marine  
  31  3:16  Engineering Bay, SCV  
  32  3:24  Marine  
  35  3:27  Marauder  
  35  3:28  SCV  
  35  3:29  Supply Depot  
  36  3:40  SCV  
  39  3:48  Marauder  
  39  3:52  SCV  
  40  4:04  SCV  
  43  4:10  Marauder  
  43  4:31  Marauder  
  45  4:36  Barracks Tech Lab  
  45  4:37  Stimpack  
  45  4:39  Factory  
  45  4:42  Factory  
  45  4:46  Command Center  
  45  4:52  Reaper  
  46  4:54  Combat Shields  
  46  5:09  Marine  
  46  5:10  Terran Infantry Weapons Level 1  
  47  5:17  Supply Depot  
  43  5:24  Marine  
  43  5:27  Marine  
  44  5:30  Starport  
  44  5:32  Factory Tech Lab x2  
  44  5:42  Marauder  
  44  5:45  Marine  
  35  5:58  SCV x2  
  35  6:02  Marine  
  35  6:03  Marine  
  39  6:08  Refinery, Starport Tech Lab  
  39  6:10  SCV  
  40  6:13  Refinery, Concussive Shells, SCV  
  41  6:20  Marine  
  41  6:21  Marine  
  41  6:22  SCV  
  41  6:25  SCV  
  45  6:28  Starport  
  45  6:34  SCV  
  45  6:37  SCV  
  45  6:38  Marine  
  45  6:39  Marine  
  49  6:46  SCV  
  50  6:49  SCV  
  51  6:56  Marauder  
  51  6:57  Marauder  
  51  6:58  SCV  
  56  7:01  SCV  
  56  7:05  Starport Tech Lab, Terran Infantry Armor Level 1  
  56  7:07  Ghost Academy  
  57  7:11  SCV  
  57  7:14  SCV  
  58  7:17  Marine  
  58  7:18  Marine  
  58  7:22  Raven  
  60  7:23  SCV  
  60  7:27  Supply Depot  
  60  7:28  SCV  
  64  7:35  Raven, SCV  
  64  7:36  Marauder, Reaper  
  70  7:41  SCV  
  71  7:45  Missile Turret  
  71  7:47  SCV  
  71  7:49  Missile Turret  
  72  7:53  SCV  
  72  7:57  Marauder  
  75  7:58  Supply Depot  
  75  7:59  SCV  
  75  8:05  SCV, Sensor Tower  
  77  8:07  Ghost  
  77  8:10  Bunker  
  77  8:11  SCV  
  80  8:17  Armory, SCV  
  81  8:22  Siege Tank  
  79  8:39  Marine  
  61  8:45  Marine  
  47  8:58  SCV  
  35  9:05  SCV  
  31  9:10  SCV  
  31  9:11  Marine  
  27  9:17  SCV  
  27  9:20  Marine  
  25  9:29  Marine  
  15  9:44  Command Center  
  13  10:03  SCV  
  8  10:15  SCV  
  6  10:30  SCV  
  5  10:46  SCV  
Tags
 
Add a new tag
Caveats
  • Supply blocks, unpowered buildings, or Contaminate may cause inaccurate times.
  • Supply counts are checked every 10 seconds.